 Dungeon Crawl Stone Soup version 0.32-a0-996-gb3226c233f (webtiles) character file.

Game seed: 398057318987048315

185559 Twinkles the Warrior (level 17, -27/147 HPs)
             Began as a Mummy Necromancer on Apr 21, 2024.
             Was an Initiate of Gozag.
             Annihilated by a pharaoh ant (31 damage)
             ... on level 2 of the Lair of Beasts on Apr 22, 2024.
             The game lasted 05:11:01 (45104 turns).

Twinkles the Warrior (Mummy Necromancer)           Turns: 45104, Time: 05:11:01

Health: -27/147    AC: 17    Str: 14    XL:     17   Next: 41%
Magic:  12/31      EV: 15    Int: 21    God:    Gozag
Gold:   3217       SH:  0    Dex: 14    Spells: 18/36 levels left

rFire   x . .        b - +4 lajatang (spect)
rCold   + . .        (shield currently unavailable)
rNeg    + + +        u - +3 robe of Clouds {*Thunder rCloud rElec}
rPois   ∞            g - +1 helmet
rElec   +            R - scarf {repulsion}
rCorr   .            X - +3 pair of gauntlets of War {Slay+5}
SInv    .            L - +0 pair of boots "Mebix" {Regen+ Str+3}
Will    ++...        N - amulet of regeneration
Stlth   ++           W - ring of wizardry
HPRegen 2.04/turn    B - +4 ring of protection
MPRegen 0.22/turn

%: repel missiles, faith, wizardry (x1)
@: gold aura, very slightly contaminated, slowed, studying Evocations, very slow
A: cold resistance 1, negative energy resistance 3, torment resistance 2, heat
vulnerability 1, in touch with death 2, no potions, faith
}: 1/15 runes: barnacled
a: Renounce Religion, Potion Petition, Call Merchant, Bribe Branch


You were on level 2 of the Lair of Beasts.
You worshipped Gozag.
Gozag was most pleased with you.
You visited 8 branches of the dungeon, and saw 30 of its levels.
You visited 1 bazaar.
You also visited: Sewer, Gauntlet and Ice Cave.

You collected 10877 gold pieces.
You spent 1892 gold pieces at shops.
You paid 5768 gold pieces to Gozag.

Inventory:

Hand Weapons
 b - a +4 spectral lajatang (weapon)
Missiles
 c - 45 poisoned darts
 G - 4 throwing nets
 U - 13 silver javelins
Armour
 g - a +1 helmet (worn)
 p - the +0 ring mail "Vaclihei" {rElec SInv Stlth+}
   (You found it on level 3 of the Dungeon)

   rElec:     It insulates you from electricity.
   SInv:      It lets you see invisible.
   Stlth+:    It makes you more stealthy.
 u - the +3 robe of Clouds (worn) {*Thunder rCloud rElec}
   (You bought it in a shop on level 3 of the Shoals)

   *Thunder:  It occasionally creates storm clouds above nearby enemies.
   rCloud:    It grants its wearer immunity to clouds.
   rElec:     It insulates you from electricity.
 J - a +2 pair of gloves of dexterity
 L - the +0 pair of boots "Mebix" (worn) {Regen+ Str+3}
   (You bought it in a shop on level 2 of the Orcish Mines)

   Str+3:     It affects your strength (+3).
   Regen+:    It increases your rate of health regeneration.
 M - the +6 scale mail "Remu" {Rampage rPois Slay+3 SInv}
   (You found it on level 4 of the Lair of Beasts)

   Slay+3:    It affects your accuracy & damage with ranged weapons and melee
   (+3).
   rPois:     It protects you from poison.
   SInv:      It lets you see invisible.
   Rampage:   It bestows one free step when moving towards enemies.
 R - a scarf of repulsion (worn)
 X - the +3 pair of gauntlets of War (worn) {Slay+5}
   (You found it on level 4 of the Shoals)

   Slay+5:    It affects your accuracy & damage with ranged weapons and melee
   (+5).
Jewellery
 n - a ring of protection from fire
 s - a ring of resist corrosion
 t - a ring of protection from fire
 z - a +4 ring of protection
 A - an amulet of reflection
 B - a +4 ring of protection (right hand)
 H - a +5 ring of evasion
 I - a ring of willpower
 N - an amulet of regeneration (around neck)
 P - a ring of see invisible
 Q - a ring of fire
 S - a +6 ring of strength
 T - a +4 ring of slaying
 W - a ring of wizardry (left hand)
Wands
 d - a wand of digging (10)
 e - a wand of charming (15)
 h - a wand of acid (4)
 i - a wand of iceblast (8)
 j - a wand of polymorph (13)
 q - a wand of flame (4)
 y - a wand of mindburst (16)
Scrolls
 a - a scroll of amnesia
 f - 4 scrolls of noise
 k - 2 scrolls of butterflies
 o - a scroll of torment
 r - 6 scrolls of enchant armour
 w - 3 scrolls of enchant weapon
 x - 7 scrolls of poison
 C - 7 scrolls of revelation
 D - 2 scrolls of blinking
 E - 4 scrolls of fear
 F - 3 scrolls of fog
 K - 4 scrolls of immolation
 O - a scroll of silence
 V - 3 scrolls of vulnerability
 Y - 8 scrolls of teleportation
 Z - 4 scrolls of identify
Miscellaneous
 l - a condenser vane
 m - a phantom mirror
 v - a lightning rod (4/4)


   Skills:
 - Level 17.1 Fighting
 - Level 11.4 Staves
 - Level 7.0 Armour
 - Level 9.0 Dodging
 - Level 2.2 Stealth
 - Level 4.0 Shields
 - Level 10.0 Spellcasting
 + Level 7.7 Summonings
 + Level 14.4 Necromancy
 - Level 9.1 Evocations


You had 18 spell levels left.
You knew the following spells:

 Your Spells              Type           Power      Damage    Failure   Level
a - Curse of Agony        Necr           100%       N/A       1%          5
b - Haunt                 Necr/Summ      45%        N/A       22%         7
d - Vampiric Draining     Necr           100%       2d13      1%          3
n - Necrotise             Necr           100%       1d9       0%          1
r - Cigotuvi's Dreadful   Necr/Alch/Air  100%       N/A       1%          2

Your spell library contained the following spells:

 Spells                   Type           Power      Damage    Failure   Level
 Foxfire                  Conj/Fire      40%        2x1d6     2%          1
 Sandblast                Erth           20%        2d7       2%          1
 Sting                    Conj/Alch      40%        1d5       2%          1
 Jinxbite                 Hex            20%        N/A       4%          2
 Mercury Vapours          Alch/Air       20%        N/A       4%          2
 Scorch                   Fire           20%        2d5       4%          2
 Animate Armour           Summ/Erth      52%        N/A       5%          4
 Inner Flame              Hex/Fire       10%        N/A       8%          3
 Passwall                 Erth           10%        N/A       8%          3
 Stone Arrow              Conj/Erth      20%        3d8       8%          3
 Tukima's Dance           Hex            10%        N/A       8%          3
 Summon Cactus Giant      Summ           21%        N/A       16%         6
 Flame Wave               Conj/Fire      10%        2d6       26%         4
 Ignite Poison            Fire/Alch      10%        N/A       26%         4
 Leda's Liquefaction      Alch/Erth      5%         N/A       26%         4
 Passage of Golubria      Tloc           10%        N/A       26%         4
 Petrify                  Alch/Erth      10%        N/A       26%         4
 Freezing Cloud           Conj/Ice/Air   5%         6-21      54%         5
 Irradiate                Conj/Alch      5%         3d13      54%         5
 Lee's Rapid Deconstruct  Erth           5%         3d6*      54%         5
 Yara's Violent Unravell  Hex/Alch       5%         3d4       54%         5
 Dispersal                Tloc           5%         N/A       98%         6
 Gell's Gavotte           Tloc           5%         2d(13-19) 98%         6
 Permafrost Eruption      Ice/Erth       5%         2x4d2     98%         6
 Plasma Beam              Fire/Air       5%         2x1d15    98%         6
 Starburst                Conj/Fire      5%         6d4       98%         6
 Summon Horrible Things   Summ           21%        N/A       99%         8
 Manifold Assault         Tloc           5%         N/A       100%        7
 Disjunction              Tloc           5%         N/A       100%        8
 Fulsome Fusillade        Conj/Alch      5%         (3-5)d5   100%        8
 Ignition                 Fire           5%         3d4       100%        8
 Lehudib's Crystal Spear  Conj/Erth      5%         10d3      100%        8
 Sublimation of Blood     Necr           Unusable   N/A       N/A         2
 Animate Dead             Necr           Unusable   N/A       N/A         4

Dungeon Overview and Level Annotations

Branches:
Dungeon (15/15) Zot: 24939  Temple (1/1) D:6 Zot: 5981    Lair (5/5) D:8 Zot: 18404
 Shoals (4/4) Lair:2 Zot: 16638  Spider (1/4) Lair:2 Zot: 5990   Slime (0/5) Lair:5
    Orc (2/2) D:12 Zot: 7730     Elf (1/3) Orc:2 Zot: 5990  Vaults (1/5) D:14 Zot: 5898
 Depths (0/4) D:15          Sewer (visited)           IceCv (visited)
Gauntlet (visited)

Altars:
Ashenzari
Cheibriados
Dithmenos
Fedhas
Gozag
Hepliaklqana
Kikubaaqudgha
Makhleb
Nemelex Xobeh
Okawaru
Qazlal
Ru
Sif Muna
Trog
Uskayaw
Vehumet
Wu Jian
Xom
Yredelemnul
Beogh
Jiyva

Shops:
D:12 :   D:15 (   Orc:2 [?!?   Lair:2 *   Shoals:3 ![!(*

Portals:
Trove: D:14 (give +3 gold dragon scales)

Annotations:
D:4 exclusion: bombardier beetle
D:6 2 runed translucent doors, Ravn's ghost, novice CoHu
D:9 2 transporters
D:13 5 exclusions
Orc:2 exclusion: 3 doors


Innate Abilities, Weirdness & Mutations

You are immune to poison.
Your flesh is cold resistant. (rC+)
You are immune to negative energy. (rN+++)
You are immune to unholy pain and torment.
You are vulnerable to heat. (rF-)
You are strongly in touch with the powers of death.
You do not drink.
You have a special connection with the divine. (Faith)


Message History

Confirm with . or Enter, or press ? or * to list all spells.
Okay, then.
Unknown command.
Casting: Haunt (dangerous; 22% risk of failure)
Confirm with . or Enter, or press ? or * to list all spells.
Okay, then.
Unknown command.
Aiming: Haunt (dangerous; 22% risk of failure)
Press: ? - help, Q - select action, (/) - cycle Dir - move target, f - jumping spider
Aim: a jumping spider (severely wounded)
You feel a strong surge of power!
You miscast Haunt.
You are very lightly contaminated with residual magic.
You are engulfed in negative energy.
You resist.
The jumping spider is engulfed in a thunderstorm.
The jumping spider pounces on you but does no damage.
The jumping spider bites you but does no damage.
The jumping spider barely misses you.
The jumping spider bites you but does no damage.
The wolf spider is engulfed in a thunderstorm.
The wolf spider hits you!
The wolf spider bites you but does no damage.
The pharaoh ant bites you!!
* * * LOW HITPOINT WARNING * * *
The jumping spider misses you. The jumping spider closely misses you.
The jumping spider is engulfed in a thunderstorm.
You kill the jumping spider!
The jumping spider leaps!
The wolf spider is engulfed in a thunderstorm.
The wolf spider is distracted by your dazzling golden aura.
The jumping spider pounces on you but does no damage.
The jumping spider bites you but does no damage.
The pharaoh ant bites you!!
* * * LOW HITPOINT WARNING * * *
The jumping spider pounces on you but does no damage.
The jumping spider misses you.
The jumping spider is engulfed in a thunderstorm.
You kill the jumping spider!
The pharaoh ant bites you!!
You die...
Your body crumbles into a pile of gold.

#P.## #....... ##..#
#.......
#########..####.......
#P#P#~~#......)...#.#.
#.~~~.~~~..#>..#..###.
#~.~~s~~.~P....##..##.
###~~.~.~.~~~...##...#..
#.#~~~§Bs~~~....###.....
##....°@§....#...##.....
#..~~~s.w~~~##..##......
##.~~.~.~.~~##...#...##.
##.~.~~.~~.~###.......#.
#P..~~~.~~~.# #..#^#....
##..P~...######..P.#.#..
##....### ##..#...#####
#.#P..####..#...##
#####......###...##


You could see a torpor snail (slow), a wolf spider (unaware), a pharaoh ant and
2 jumping spiders.

Vanquished Creatures
  A kraken (Shoals:3)
  Frances (D:14)
  A storm dragon (Shoals:4)
  Aizul (Shoals:4)
  Ilsuiw (Shoals:2)
  An ironbound preserver (D:14)
  A deep elf death mage (Orc:2)
  A minotaur (Gauntlet)
  5 dire elephants
  Azrael (D:15)
  Snorg (D:13)
  10 merfolk impalers (Shoals:4)
  5 merfolk javelineers
  Harold (Lair:2)
  Josephine (D:14)
  8 hydras
  2 ice dragons (D:14)
  An ironbound frostheart (D:14)
  4 ogre magi (Orc:2)
  An alligator snapping turtle (Shoals:4)
  4 catoblepae
  9 merfolk aquamancers
  3 merfolk avatars
  11 centaur warriors
  11 two-headed ogres
  A satyr (Shoals:4)
  Urug (D:13)
  2 boulder beetles (D:14)
  6 death yaks
  A tengu warrior (D:14)
  A deep troll shaman (Lair:5)
  A demonic crawler (Spider:1)
  4 skysharks
  Lodul (D:10)
  13 sea snakes
  A bog body (Lair:2)
  A deep elf pyromancer (Orc:2)
  2 orc knights
  16 manticores
  9 harpies
  6 ugly things
  7 cyclopes
  A worldbinder (Gauntlet)
  8 fauns
  11 merfolk sirens
  A salamander (shapeshifter) (D:14)
  3 orc sorcerers
  9 elephants
  An eye of devastation (Lair:5)
  6 black mambas
  Joseph (D:9)
  An ice statue (Gauntlet)
  A vault sentinel (Vaults:1)
  A torpor snail (Lair:5)
  16 cane toads
  10 water nymphs
  3 gargoyles
  A kobold demonologist (D:14)
  7 rime drakes
  A freezing wraith (D:14)
  10 komodo dragons
  2 ice devils (Lair:2)
  A tengu conjurer (D:9)
  5 trolls
  10 wind drakes
  2 polar bears (shapeshifter)
  33 merfolk
  9 polar bears
  3 jumping spiders (Lair:2)
  15 dream sheep
  3 glass eyes
  6 blink frogs
  7 slime creatures
  8 snapping turtles
  8 air elementals (Shoals:4)
  A spriggan (shapeshifter) (D:13)
  A centaur simulacrum (Gauntlet)
  A dire elephant simulacrum (Lair:2)
  A shadow (D:11)
  31 water elementals
  42 yaks
  3 vampires
  8 wraiths
  5 basilisks
  2 fire elementals (D:15)
  5 wyverns
  6 wargs
  9 vampire mosquitoes
  16 humans
  2 redbacks (Lair:2)
  2 great orb of eyes simulacra (IceCv)
  24 water moccasins
  6 hell hounds
  A swamp drake (Lair:3)
  6 ice beasts
  15 orc warriors
  2 black bears (D:6)
  A meliai simulacrum (Gauntlet)
  2 sky beasts (D:6)
  A crocodile (Sewer)
  31 ogres
  5 boggarts
  26 wolves
  2 phantoms
  A slime creature simulacrum (IceCv)
  14 centaurs
  2 kobold brigands
  11 bullfrogs
  A brain worm (Sewer)
  4 scorpions
  A gnoll sergeant (D:12)
  An entropy weaver simulacrum (Lair:2)
  A hornet simulacrum (Gauntlet)
  7 killer bees
  2 electric eels
  2 vampire bats (D:9)
  2 howler monkeys
  9 orc priests
  4 hounds (D:5)
  3 jellies
  7 iguanas
  17 orc wizards
  A polar bear simulacrum (Lair:2)
  A shapeshifter simulacrum (IceCv)
  A spriggan simulacrum (Lair:2)
  A wolf simulacrum (Lair:2)
  A troll simulacrum (Lair:2)
  14 gnolls
  5 river rats
  23 adders
  2 naga simulacra (Lair:2)
  3 white imps
  4 dart slugs
  4 ribbon worms (D:2)
  52 orcs
  3 bat skeletons (D:9)
  2 bat zombies (D:9)
  7 endoplasms
  A giant cockroach (D:3)
  6 goblins
  6 hobgoblins
  7 jackals
  5 quokkas
  9 ball pythons
  A bat (D:3)
  3 frilled lizards
  16 kobolds
  8 rats
  5 tentacles (Shoals:3)
900 creatures vanquished.

Vanquished Creatures (collateral kills)
  A merfolk (Shoals:4)
  A wind drake (Shoals:4)
  An orc warrior (Orc:2)
  2 ogres (D:11)
  2 howler monkeys (D:11)
  An iguana (D:11)
  A river rat (D:3)
  A dart slug (D:2)
  An orc (Orc:2)
  A giant cockroach (D:3)
  3 ball pythons
  2 kobolds
  2 rats
19 creatures vanquished.

Vanquished Creatures (others)
  2 manticores
  A water nymph (Shoals:4)
  Ijyb (D:4)
  27 spectral weapons
  16 tentacles (Shoals:3)
47 creatures vanquished.

Grand Total: 966 creatures vanquished

Notes
Turn   | Place    | Note
-------+----------+-------------------------------------------
     0 | D:1      | Twinkles the Mummy Necromancer began the quest for the Orb.
     0 | D:1      | Reached XP level 1. HP: 13/13 MP: 4/4
    50 | D:1      | HP: 4/13 [quokka (3)]
    56 | D:1      | HP: 4/13 [quokka (1)]
    59 | D:1      | HP: 1/13 [quokka (2)]
    66 | D:1      | Reached XP level 2. HP: 3/20 MP: 0/5
   674 | D:1      | Found a faded altar of an unknown god.
   943 | D:2      | Reached skill level 1 in Fighting
   975 | D:2      | Reached XP level 3. HP: 25/26 MP: 3/7
  1710 | D:2      | Reached XP level 4. HP: 32/32 MP: 7/9
  1860 | D:3      | Identified the +0 ring mail "Vaclihei" {rElec SInv Stlth+}
  2193 | D:3      | Found a glowing drain.
  2214 | D:3      | Reached skill level 2 in Fighting
  2256 | Sewer    | Entered a sewer
  2295 | Sewer    | Reached XP level 5. HP: 38/38 MP: 10/10
  2302 | Sewer    | Learned a level 3 spell: Vampiric Draining
  2352 | Sewer    | Reached skill level 1 in Armour
  2536 | Sewer    | Noticed a crocodile
  2542 | Sewer    | HP: 13/40 [crocodile (3)]
  2544 | Sewer    | Killed a crocodile
  2545 | Sewer    | Reached skill level 3 in Fighting
  2545 | Sewer    | Reached skill level 5 in Necromancy
  2545 | Sewer    | Reached XP level 6. HP: 16/47 MP: 8/12
  3693 | D:4      | Found a blossoming altar of Fedhas.
  3731 | D:4      | Noticed Ijyb
  3739 | D:4      | Killed Ijyb
  3803 | D:4      | Found a hazy altar of Hepliaklqana.
  4012 | D:4      | Found a shadowy altar of Dithmenos.
  4122 | D:4      | Found a basalt altar of Yredelemnul.
  4133 | D:4      | Reached XP level 7. HP: 53/53 MP: 13/13
  4309 | D:4      | Found a shimmering blue altar of Sif Muna.
  4316 | D:4      | Got Sif Muna's Incunable of Deathly Effluvium
  4325 | D:4      | Found a bloodstained altar of Trog.
  4332 | D:4      | Reached skill level 4 in Fighting
  4451 | D:5      | Entered Level 5 of the Dungeon
  5011 | D:5      | Reached skill level 5 in Fighting
  5011 | D:5      | Reached XP level 8. HP: 62/62 MP: 12/14
  5575 | D:6      | Found a staircase to the Ecumenical Temple.
  5798 | D:6      | Reached skill level 1 in Evocations
  5968 | D:6      | Reached skill level 1 in Shields
  6268 | D:7      | Reached skill level 5 in Armour
  6600 | D:6      | Reached XP level 9. HP: 61/69 MP: 15/15
  6809 | D:7      | Found an iron altar of Okawaru.
  6991 | Temple   | Entered the Ecumenical Temple
  7000 | Temple   | Became a worshipper of Gozag Ym Sagoz the Greedy
  7044 | D:7      | Reached skill level 5 in Evocations
  7251 | D:7      | You fall into a shaft and drop 2 floors!
  7255 | D:9      | Noticed a troll
  7320 | D:9      | Found a transporter.
  7321 | D:9      | Noticed a rakshasa
  7324 | D:9      | Noticed a deep elf pyromancer
  7325 | D:9      | Noticed a flayed ghost
  7435 | D:9      | Reached skill level 6 in Fighting
  7445 | D:9      | Reached skill level 5 in Spellcasting
  7457 | D:9      | HP: 22/69 [yak (7)]
  7875 | D:9      | Found an ancient bone altar of Kikubaaqudgha.
  8123 | D:8      | Found a radiant altar of Vehumet.
  8345 | D:8      | Reached XP level 10. HP: 71/77 MP: 17/19
  8409 | D:8      | Reached skill level 7 in Fighting
  8575 | D:8      | HP: 26/79 [rime drake/icy flash freeze (12)]
  8888 | D:8      | Found a staircase to the Lair.
  9299 | D:9      | Upgraded the game from 0.32-a0-932-g546787307d to
                  | 0.32-a0-991-g7117bd966e
  9398 | D:9      | Noticed Joseph
  9476 | D:9      | Reached skill level 8 in Fighting
  9785 | D:9      | Found a transporter.
 10558 | D:9      | Killed Joseph
 10636 | D:10     | Entered Level 10 of the Dungeon
 10770 | D:10     | Noticed a gargoyle
 10782 | D:10     | Killed a gargoyle
 11048 | D:9      | Learned a level 5 spell: Curse of Agony
 11403 | D:10     | Reached XP level 11. HP: 87/87 MP: 23/23
 11663 | D:10     | Reached skill level 9 in Fighting
 11929 | Lair:1   | Entered Level 1 of the Lair of Beasts
 11934 | Lair:1   | Found a burning altar of Makhleb.
 12015 | Lair:1   | Reached skill level 10 in Necromancy
 12111 | Lair:1   | Found a frozen archway.
 12237 | IceCv    | Entered an ice cave
 14085 | Lair:2   | Noticed Harold
 14397 | Lair:1   | Reached skill level 10 in Fighting
 14527 | Lair:2   | Noticed a five-headed hydra
 14748 | Lair:2   | HP: 19/91 [Harold/+0 scimitar (14)]
 14751 | Lair:2   | HP: 9/91 [Harold/+0 scimitar (10)]
 15150 | Lair:2   | Killed Harold
 15151 | Lair:2   | Reached skill level 5 in Dodging
 15551 | Lair:2   | Reached XP level 12. HP: 79/99 MP: 20/24
 16360 | Lair:2   | Found a hole to the Spider Nest.
 16415 | Lair:2   | Found a staircase to the Shoals.
 17243 | D:10     | Reached skill level 1 in Staves
 17453 | D:11     | Reached skill level 11 in Fighting
 17950 | D:10     | Upgraded the game from 0.32-a0-991-g7117bd966e to
                  | 0.32-a0-994-gabb26cbae4
 18093 | D:11     | Noticed Lodul
 18117 | D:10     | Killed Lodul
 18780 | D:12     | Found Juneit Qafy's Book Emporium.
 18995 | D:12     | HP: 27/100 [gargoyle/stone arrow (22)]
 18995 | D:12     | HP: 5/100 [gargoyle/stone arrow (22)]
 19515 | D:12     | Found a staircase to the Orcish Mines.
 19599 | Orc:1    | Entered Level 1 of the Orcish Mines
 19634 | Orc:1    | Paralysed by an orc sorcerer for 4 turns
 19643 | Orc:1    | HP: 33/101 [orc sorcerer/bolt of fire (52)]
 19943 | Orc:1    | Learned a level 2 spell: Cigotuvi's Dreadful Rot
 20062 | Orc:2    | Entered Level 2 of the Orcish Mines
 20746 | Orc:2    | Found a staircase to the Elven Halls.
 20856 | Orc:2    | Reached skill level 12 in Fighting
 21076 | Orc:2    | Noticed a two-headed ogre
 21123 | Orc:2    | Killed a two-headed ogre
 21500 | Orc:2    | Noticed a two-headed ogre
 21510 | Orc:2    | Noticed a two-headed ogre
 21589 | Orc:2    | Noticed an ogre mage
 21634 | Orc:2    | Killed an ogre mage
 21635 | Orc:2    | Reached skill level 5 in Staves
 21670 | Orc:2    | Noticed a two-headed ogre
 21733 | Orc:2    | Noticed a two-headed ogre
 21733 | Orc:2    | Noticed a two-headed ogre
 21733 | Orc:2    | Noticed a two-headed ogre
 21781 | Orc:1    | Killed a two-headed ogre
 21846 | Orc:2    | Killed a two-headed ogre
 21937 | Orc:2    | Noticed a two-headed ogre
 21983 | Orc:2    | Killed a two-headed ogre
 21984 | Orc:2    | Gained mutation: You are strongly in touch with the powers
                  | of death. [Mummy growth]
 21984 | Orc:2    | Reached XP level 13. HP: 98/109 MP: 18/25
 22494 | Orc:1    | Reached skill level 13 in Fighting
 23477 | Orc:2    | Found Yrecho's Magic Scroll Boutique.
 23477 | Orc:2    | Found Names's Magic Scroll Emporium.
 23477 | Orc:2    | Found Yvoy's Antique Armour Shoppe.
 23477 | Orc:2    | Found Gabreveg's Distillery.
 23595 | Orc:2    | Bought a transparent cloak for 237 gold pieces
 23595 | Orc:2    | Identified the +0 cloak of Ycueciuruo {-Cast rPois rC++}
                  | (You bought it in a shop on level 2 of the Orcish Mines)
 23595 | Orc:2    | Bought a pair of glimmering boots for 237 gold pieces
 23595 | Orc:2    | Identified the +0 pair of boots "Mebix" {Regen+ Str+3} (You
                  | bought it in a shop on level 2 of the Orcish Mines)
 23616 | Orc:2    | Bought a pair of runed gloves for 187 gold pieces
 23646 | Orc:2    | Bought a scroll of identify for 28 gold pieces
 23646 | Orc:2    | Bought a scroll of identify for 28 gold pieces
 23649 | Orc:2    | Bought a scroll of identify for 30 gold pieces
 23649 | Orc:2    | Bought a scroll of identify for 30 gold pieces
 24411 | Lair:2   | Bought a scroll of butterflies for 60 gold pieces
 24411 | Lair:2   | Bought a ring of protection from fire for 375 gold pieces
 24411 | Lair:2   | Bought a wand of acid (4) for 252 gold pieces
 26383 | Lair:3   | Identified the +2 ring mail "Otasy" {rN+ Int+3}
 27679 | Lair:4   | Found a stormy altar of Qazlal.
 27909 | Lair:4   | Identified the +6 scale mail "Remu" {Rampage rPois Slay+3
                  | SInv}
 28061 | Lair:4   | Reached skill level 14 in Fighting
 28072 | Lair:4   | Reached XP level 14. HP: 100/120 MP: 10/27
 28684 | Lair:5   | Entered Level 5 of the Lair of Beasts
 29051 | Lair:5   | Reached skill level 10 in Spellcasting
 29083 | Lair:5   | Upgraded the game from 0.32-a0-994-gabb26cbae4 to
                  | 0.32-a0-995-gb4a59205af
 29849 | Lair:5   | Found a viscous altar of Jiyva.
 30037 | Lair:5   | Found a staircase to the Slime Pits.
 31519 | D:6      | Found a large runed translucent door.
 31519 | D:6      | Found a large runed translucent door.
 31525 | D:6      | Noticed Ravn's ghost (novice CoHu)
 32093 | D:12     | Reached skill level 15 in Fighting
 32308 | D:12     | Got the Folio of Soot and the Entourage
 32456 | D:13     | Noticed Snorg
 32463 | D:13     | Killed Snorg
 32792 | D:13     | Found a gate leading to a gauntlet.
 32815 | Gauntlet | Entered a Gauntlet
 32815 | Gauntlet | Found a transporter.
 32815 | Gauntlet | Found a transporter.
 32816 | Gauntlet | Found a transporter.
 32816 | Gauntlet | Found a transporter.
 32816 | Gauntlet | Noticed a cacodemon
 32819 | Gauntlet | Found a transporter.
 32830 | Gauntlet | Found a transporter.
 32838 | Gauntlet | Found a transporter.
 32853 | Gauntlet | Found a transporter.
 32878 | Gauntlet | Found a transporter.
 32900 | Gauntlet | Found a transporter.
 32917 | Gauntlet | Found a transporter.
 32969 | Gauntlet | Found a transporter.
 33357 | Gauntlet | Identified the +7 whip "Qeler" {heavy, ^Contam rPois Dex+5}
 33366 | Gauntlet | Reached XP level 15. HP: 90/129 MP: 16/29
 33731 | D:14     | Noticed Urug
 33731 | D:14     | Found a gate to the Vaults.
 34084 | D:13     | Killed Urug
 34410 | D:14     | Reached skill level 10 in Staves
 34482 | D:14     | Noticed Josephine
 34588 | D:14     | Noticed Frances
 34594 | D:14     | Killed Frances
 34812 | D:14     | Found a portal to a secret trove of treasure.
 35081 | D:14     | Killed Josephine
 35210 | D:14     | Reached skill level 16 in Fighting
 35230 | D:15     | Entered Level 15 of the Dungeon
 35429 | D:15     | Found Rivymud's Weapon Emporium.
 35440 | D:15     | Noticed Azrael
 35481 | D:15     | HP: 35/124 [Azrael/+4 scimitar of flaming (12)]
 35486 | D:15     | Killed Azrael
 35952 | D:14     | HP: 44/131 [ice dragon (12)]
 36039 | D:15     | Found a staircase to the Depths.
 36183 | D:15     | Found a roughly hewn altar of Beogh.
 36757 | Shoals:1 | Entered Level 1 of the Shoals
 36768 | Shoals:1 | Reached skill level 1 in Summonings
 36907 | Shoals:1 | Found a flickering gateway to a bazaar.
 36936 | Bazaar   | Entered a bazaar
 36936 | Bazaar   | Found Oholuegu's Antique Armour Shop.
 36956 | Bazaar   | Found Lacunu's Antique Weapon Shop.
 36982 | Bazaar   | Found Sorilygg's General Store.
 37241 | Shoals:1 | Reached XP level 16. HP: 134/138 MP: 19/30
 37751 | Shoals:2 | Noticed Ilsuiw
 38701 | Shoals:2 | HP: 47/139 [Ilsuiw/+3 trident of freezing (7)]
 38702 | Shoals:2 | Killed Ilsuiw
 39160 | Shoals:2 | Learned a level 7 spell: Haunt
 39332 | Shoals:3 | Found Mochy's Antique Weapon Emporium.
 39336 | Shoals:3 | Found Dupralaq's General Store.
 39380 | Shoals:3 | Bought a scroll of teleportation for 42 gold pieces
 39402 | Shoals:3 | Identified the +7 war axe of Fortitude {flame, Dex+5}
 39638 | Shoals:3 | Found Wapuceg's Distillery.
 39699 | Shoals:3 | Found Naezies's Distillery.
 39707 | Shoals:3 | Found Saat's Armour Shoppe.
 39942 | Shoals:3 | Noticed a kraken
 39988 | Shoals:3 | Killed a kraken
 40043 | Shoals:4 | Entered Level 4 of the Shoals
 40104 | Shoals:4 | Paralysed by an air elemental for 1 turns
 40249 | Shoals:4 | Reached skill level 17 in Fighting
 40283 | Shoals:4 | Paralysed by an air elemental for 1 turns
 40287 | Shoals:4 | Paralysed by an air elemental for 1 turns
 40292 | Shoals:4 | Paralysed by an air elemental for 1 turns
 40295 | Shoals:4 | Paralysed by an air elemental for 1 turns
 40304 | Shoals:4 | Paralysed by an air elemental for 1 turns
 40312 | Shoals:4 | Paralysed by an air elemental for 1 turns
 40312 | Shoals:4 | HP: 44/141 [water nymph/the raging water (24)]
 40317 | Shoals:4 | HP: 31/141 [water nymph/the raging water (20)]
 40323 | Shoals:4 | Paralysed by an air elemental for 1 turns
 40404 | Shoals:4 | Paralysed by an air elemental for 1 turns
 40438 | Shoals:4 | HP: 37/141 [merfolk/+0 trident[a merfolk javelineer] (18)]
 40677 | Shoals:4 | Reached skill level 5 in Summonings
 41404 | Shoals:4 | Paralysed by an air elemental for 1 turns
 41999 | Shoals:4 | Reached XP level 17. HP: 130/147 MP: 25/31
 42457 | Shoals:4 | HP: 49/147 [water nymph/the raging water (24)]
 42637 | Shoals:4 | Identified the serpent talisman "Cyaphyiq" {Fly rC+ Dex+2}
 42637 | Shoals:4 | Noticed Aizul
 42662 | Shoals:4 | HP: 51/147 [water elemental (2)]
 42663 | Shoals:4 | Killed Aizul
 42667 | Shoals:4 | HP: 48/147 [water elemental[a merfolk aquamancer] (10)]
 43067 | Shoals:4 | Found the +3 pair of gauntlets of War {Slay+5}
 43073 | Shoals:4 | Got a barnacled rune of Zot
 43075 | Shoals:4 | Got Cobugun's More Magic
 43783 | Vaults:1 | Entered Level 1 of the Vaults
 44324 | Shoals:3 | Bought the +3 robe of Clouds {*Thunder rCloud rElec} for
                  | 386 gold pieces
 44324 | Shoals:3 | Found the +3 robe of Clouds {*Thunder rCloud rElec}
 44584 | D:14     | HP: 49/143 [ironbound preserver/+0 mace (12)]
 44592 | D:14     | HP: 44/139 [dire elephant (6)]
 44593 | D:14     | HP: 17/139 [dire elephant (12)]
 44599 | D:14     | HP: 43/139 [ironbound frostheart/creeping frost (6)]
 44679 | D:14     | Upgraded the game from 0.32-a0-995-gb4a59205af to
                  | 0.32-a0-996-gb3226c233f
 44729 | Elf:1    | Entered Level 1 of the Elven Halls
 45095 | Spider:1 | Entered Level 1 of the Spider Nest
 45104 | Lair:2   | HP: 34/147 [pharaoh ant (30)]
 45104 | Lair:2   | HP: 4/147 [pharaoh ant (30)]
 45104 | Lair:2   | Annihilated by a pharaoh ant

Illustrated notes

Levels and vault maps discovered:
D:1:      dpeg_arrival_refuge, layout_rooms,
          hellmonk_ecumenical_altar_leap_of_faith, minivault_11, st_stairs_2,
          grunt_decor_arrowhead
D:2:      layout_rooms
D:3:      layout_basic, portal_sewer_entry_e
D:4:      layout_basic, nzn_overflow_gifts_of_might_and_magic,
          lemuel_tele_altar, marbit_many_paths, mainiacjoe_overflow_two_lobes,
          uniq_ijyb
D:5:      layout_basic
D:6:      layout_loops_cross, tso_altar, minmay_temple_entry_from_below_a,
          ebering_ghost_disaster_area
D:7:      layout_gridville, okawaru_gym_becter
D:8:      layout_basic, mainiacjoe_overflow_six_doors_small,
          hellmonk_lair_entry_icy
D:9:      layout_irregular_city, kennysheep_vampire_church,
          nicolae_overflow_hidden_temple, gammafunk_temple_overflow_arena,
          uniq_joseph
D:10:     layout_irregular_city, wad_floor_pattern_untrapped, nzn_life_drinkers
D:11:     layout_cave_pools, serial_library_regret_index_small_wings,
          minmay_lizard_king, uniq_lodul
D:12:     layout_roguey, orc_0_dummy, serial_shops,
          nicolae_shop_gibbet_a_chance, serial_library_hellmonk_double_dead_end,
          pond
D:13:     layout_roguey, gauntlet_entry_generic,
          serial_library_hellmonk_open_square, uniq_snorg
D:14:     layout_cave_pools, david_vaults_3, enter_trove_2, minivault_25,
          onia_ninara_cookie, uniq_josephine, uniq_frances
D:15:     grunt_enter_depths_hoard, layout_basic, special_room
          [special_room_orc], serial_shops, shop, uniq_azrael
Temple:   nicolae_temple_bog_church
Lair:1:   layout_hall_layers, portal_ice_cave_rime, basic_altar
Lair:2:   dreamdust_isle_of_ice, layout_layer_cave, elwin_shoals_entry_stream,
          spider_nest_entry_a, infiniplex_staircase_pool, serial_bayou_shore_a,
          uniq_harold
Lair:3:   lemuel_reptile_caves, layout_chaotic_city, grunt_megastairs_5
Lair:4:   layout_cellular_growth, basic_altar, grunt_megastairs_4
Lair:5:   grunt_lair_end_beastmaster, layout_regular_city,
          minmay_slime_entry_eyes
Shoals:1: layout_shoals, serial_shops, freezing_bzr,
          nicolae_shoals_lost_giant_amphitheater,
          nicolae_shoals_water_elemental_grotto
Shoals:2: layout_shoals, uniq_ilsuiw
Shoals:3: layout_shoals, serial_shops, nicolae_shop_stone, shop_statue, shop,
          shop, shop
Shoals:4: shoals_end_hellmonk_storm_palace [storm_palace_center_ruins,
          storm_palace_corner_pillars, storm_palace_corner_narrow,
          storm_palace_corner_reverse_hut, storm_palace_corner_narrow],
          uniq_aizul
Spider:1: nicolae_spider_jumping_over_cracks [nicolae_spider_jumping_sub_pools,
          nicolae_spider_jumping_sub_no_exit,
          nicolae_spider_jumping_sub_shuffled, nicolae_spider_jumping_sub_pools]
Orc:1:    layout_caves
Orc:2:    st_orc_ogre_mass, layout_caves, hellmonk_talismancer
Elf:1:    minmay_elf_arrival_summoners, layout_loops_ring, minmay_elf_necromancy
Vaults:1: ebering_ghost_xom, ontoclasm_vaults_claustrophobia, v_misc_31,
          grunt_vaults_focal, ontoclasm_vaults_fault, layout_vaults_omnigrid

Skill      XL: |  1  2  3  4  5  6  7  8  9 10 11 12 13 14 15 16 17 |
---------------+----------------------------------------------------+-----
Spellcasting   | 3 4 6 8 9 10 | 10.0
Fighting       | 1 2 3 5 6 8 10 12 14 15 16 17 | 17.1
Stealth        | 2 |  2.2
Armour         | 1 2 3 5 7 |  7.0
Necromancy     | 5 6 7 8 9 11 13 14 | 14.4
Evocations     | 3 5 6 7 9 |  9.1
Shields        | 2 4 |  4.0
Dodging        | 5 6 8 9 |  9.0
Staves         | 5 7 9 10 11 | 11.4
Summonings     | 1 6 7 |  7.7

Action                     |  1- 3 |  4- 6 |  7- 9 | 10-12 | 13-15 | 16-18 || total
---------------------------+-------+-------+-------+-------+-------+-------++-------
  Melee: Unarmed           |    16 |       |       |       |       |       ||    16
         Short sword       |    70 |    18 |   436 |   549 |       |       ||  1073
         Quarterstaff      |       |   131 |       |   336 |   909 |       ||  1376
         Dagger            |       |       |       |     1 |       |       ||     1
         Lajatang          |       |       |       |       |   442 |   722 ||  1164
  Throw: Dart              |       |       |       |     6 |       |     1 ||     7
   Cast: Necrotise         |    58 |    44 |    76 |    36 |       |       ||   214
         Vampiric Draining |       |     1 |    14 |   110 |    67 |     3 ||   195
         Curse of Agony    |       |       |       |    39 |    98 |    94 ||   231
         Cigotuvi's Dreadf |       |       |       |     7 |    22 |     2 ||    31
         Haunt             |       |       |       |       |       |     6 ||     6
 Invoke: Potion Petition   |       |       |       |     6 |     2 |     9 ||    17
         Call Merchant     |       |       |       |       |     1 |       ||     1
  Evoke: Wand              |       |       |     2 |    23 |     5 |    14 ||    44
         Phantom mirror    |       |       |       |       |       |     2 ||     2
         Condenser vane    |       |       |       |       |       |     1 ||     1
    Use: Scroll            |       |     4 |     4 |     7 |    11 |     3 ||    29
   Stab: Sleeping          |     3 |     3 |     6 |       |     1 |       ||    13
         Distracted        |       |     1 |     2 |     3 |    40 |    25 ||    71
         Petrifying        |       |       |       |       |     1 |       ||     1
         Petrified         |       |       |       |       |     1 |       ||     1
 Armour: Robe              |    42 |       |       |       |       |    33 ||    75
         Ring mail         |     9 |   105 |   300 |   721 |   298 |       ||  1433
         Scale mail        |       |       |       |       |   763 |   720 ||  1483
  Dodge: Dodged            |    48 |    64 |   193 |   394 |   736 |   428 ||  1863
         Repelled          |       |       |       |       |    27 |    80 ||   107
  Block: Buckler           |     5 |       |   203 |   213 |       |       ||   421
         Reflection        |       |       |     1 |     5 |       |       ||     6
         Other             |       |       |       |    92 |   150 |       ||   242

Table legend: (Time is in decaauts)
 A = Elapsed time spent in this place.
 B = Non-inter-level travel time spent in this place.
 C = Inter-level travel time spent in this place.
 D = Time resting spent in this place.
 E = Time spent auto-exploring this place.
 F = Levels seen in this place.
 G = Mean time per level.
                   A        B        C        D        E       F      G
               +--------+--------+--------+--------+--------+-----+--------+
         Total |  45830 |  39596 |   6234 |   7213 |  18221 |  34 | 1347.9 |
       Dungeon |  19776 |  17666 |   2110 |   1873 |  10261 |  15 | 1318.4 |
        Temple |     18 |      2 |     16 |      0 |      0 |   1 |   18.0 |
          Lair |  11594 |  10049 |   1545 |   2123 |   4921 |   5 | 2318.8 |
        Shoals |   7362 |   5653 |   1709 |    960 |   1697 |   4 | 1840.5 |
   Spider Nest |      9 |      9 |      0 |      0 |      0 |   1 |    9.0 |
  Orcish Mines |   4269 |   3425 |    844 |   1364 |    650 |   2 | 2134.5 |
   Elven Halls |      9 |      9 |      0 |      0 |      0 |   1 |    9.0 |
        Vaults |    102 |     93 |      9 |      3 |      0 |   1 |  102.0 |
        Bazaar |     79 |     79 |      0 |      0 |     51 |   1 |   79.0 |
         Sewer |   1190 |   1190 |      0 |    288 |    478 |   1 | 1190.0 |
      Ice Cave |    803 |    803 |      0 |    539 |      0 |   1 |  803.0 |
      Gauntlet |    613 |    613 |      0 |     61 |    162 |   1 |  613.0 |
               +--------+--------+--------+--------+--------+-----+--------+

Top non-repeatable levels by time:
  Lair:2: 4310 daAuts
Shoals:4: 3187 daAuts
   Orc:2: 2863 daAuts
     D:9: 2333 daAuts
  Lair:1: 2159 daAuts
  Lair:5: 2095 daAuts
    D:10: 1959 daAuts
    D:11: 1750 daAuts
    D:14: 1723 daAuts
     D:8: 1575 daAuts
  Lair:3: 1545 daAuts
Shoals:2: 1516 daAuts
  Lair:4: 1482 daAuts
Shoals:1: 1418 daAuts
   Orc:1: 1405 daAuts
